 Dungeon Crawl Stone Soup version 0.27.1-3-gb3d3a73c9e (webtiles) character file.

Game seed: 4930473482551145767

1102 Crownlay the Gusty (level 8, -1/57 HPs)
             Began as a Red Draconian Air Elementalist on Oct 29, 2021.
             Killed by their own static electricity (2 damage)
             ... on level 6 of the Dungeon.
             The game lasted 00:14:57 (6737 turns).

Crownlay the Gusty (Red Draconian Air Elementalist) Turns: 6737, Time: 00:14:58

Health: -1/57      AC: 10    Str: 10    XL:     8   Next: 10%
Magic:  3/17       EV: 12    Int: 19    God:
Gold:   314        SH:  1    Dex: 11    Spells: 9/19 levels left

rFire    + + .     SeeInvis .   s - +2 hand axe (flame)
rCold    . . .     Faith    .   n - -3 buckler of Courage {rPois}
rNeg     + . .     Spirit   .   (armour unavailable)
rPois    +         Reflect  .   (helmet restricted)
rElec    .         Harm     .   i - +0 cloak
rCorr    .         Rampage  .   w - +0 pair of gloves
Will     .....                  j - +1 pair of boots
Stlth    ++........             (no amulet)
HPRegen  0.19/turn              f - ring of positive energy
MPRegen  0.15/turn              x - ring of protection from fire

@: no status effects
A: breathe fire, AC +6, unfitting armour, fire resistance 1, cold-blooded
a: Breathe Fire


You were on level 6 of the Dungeon.
You visited 2 branches of the dungeon, and saw 7 of its levels.

You collected 314 gold pieces.

Inventory:

Hand Weapons
 s - a +2 hand axe of flaming (weapon)
Armour
 i - a +0 cloak (worn)
 j - a +1 pair of boots (worn)
 n - the -3 buckler of Courage (worn) {rPois}
   (You found it on level 4 of the Dungeon)

   rPois:     It protects you from poison.
 w - a +0 pair of gloves (worn)
Magical Staves
 k - a staff of earth
Jewellery
 f - a ring of positive energy (left hand)
 x - a ring of protection from fire (right hand)
Wands
 a - a wand of flame (5)
 q - a wand of paralysis (21)
 v - a wand of polymorph (10)
 y - a wand of iceblast (10)
Scrolls
 c - a scroll of enchant armour {unknown}
 d - a scroll of fear {unknown}
 g - 2 scrolls of enchant weapon
 h - a scroll of noise {unknown}
 l - a scroll of silence {unknown}
 r - a scroll of identify
 t - 2 scrolls of amnesia {unknown}
 z - a scroll of teleportation {unknown}
Potions
 b - 2 potions of haste {unknown}
 e - a potion of curing
 m - 2 potions of mutation
 o - 2 potions of heal wounds {unknown}
 p - 2 potions of attraction {unknown}
 u - a potion of magic {unknown}


   Skills:
 - Level 1.7 Dodging
 - Level 1.7 Stealth
 - Level 4.0 Shields
 + Level 6.1 Spellcasting
 - Level 1.0 Conjurations
 * Level 6.4 Air Magic


You had 9 spell levels left.
You knew the following spells:

 Your Spells              Type           Power      Damage    Failure   Level
a - Shock                 Conj/Air       80%        1d8       2%          1
b - Static Discharge      Conj/Air       20%        N/A       3%          2
c - Swiftness             Air            30%        N/A       2%          3
d - Airstrike             Air            15%        N/A       8%          4

Your spell library contained the following spells:

 Spells                   Type           Power      Damage    Failure   Level
 Poisonous Vapours        Pois/Air       36%        N/A       4%          2
 Sting                    Tmut/Pois      20%        1d4       11%         1
 Olgreb's Toxic Radiance  Pois           5%         N/A       73%         4


Dungeon Overview and Level Annotations

Branches:
Dungeon (6/15)             Temple (1/1) D:6

Altars:
Ashenzari
Cheibriados
Dithmenos
Elyvilon
Fedhas
Gozag
Hepliaklqana
Kikubaaqudgha
Makhleb
Okawaru
Trog
Uskayaw
Wu Jian
Xom
Yredelemnul
The Shining One

Shops:
D:2 [


Innate Abilities, Weirdness & Mutations

You can breathe blasts of fire.
Your fiery red scales are hard. (AC +6)
You cannot fit into any form of body armour.
Your flesh is heat resistant. (rF+)
You are cold-blooded and may be slowed by cold attacks.


Message History

The wight barely misses you. x2; The wight closely misses you.
The wight misses you.
You hit the wight but do no damage.
The wight is almost destroyed.
You hit the wight but do no damage.
The wight hits you with a +4 war axe of freezing.
You feel yourself slow down. The wight freezes you.
The wight barely misses you. The wight closely misses you.
You hit the wight but do no damage.
Your tail-slap misses the wight.
The wight is almost destroyed.
You hit the wight but do no damage.
You feel yourself speed up. The wight completely misses you.
The wight barely misses you. The wight hits you but does no damage.
The wight hits you with a +4 war axe of freezing!
* * * LOW HITPOINT WARNING * * *
You feel yourself slow down. The wight freezes you.
* * * LOW HITPOINT WARNING * * *
Casting: Static Discharge (safe; 3% risk of failure)
Confirm with . or Enter, or press ? or * to list all spells.
Aiming: Shock (safe; 2% risk of failure)
Press: ? - help, Shift-Dir - straight line, f/p - wight
Aim: a wight, wielding a +4 war axe of freezing and wearing a +0 robe (almost destroyed, 71% to hit)
The zap hits the wight.
You destroy the wight!
You block the wight's attack.
Your life force feels restored.
You hit the wight but do no damage.
The wight is severely damaged.
You feel yourself speed up. The wight hits you with a +0 scimitar.
* * * LOW HITPOINT WARNING * * *
The wight barely misses you. The wight hits you with a +0 scimitar.
* * * LOW HITPOINT WARNING * * *
Casting: Shock (safe; 2% risk of failure)
Confirm with . or Enter, or press ? or * to list all spells.
The wight is struck by an arc of lightning!
The wight is heavily damaged.
You are struck by an arc of lightning.
You die...

#.##### #.#### #.....#
#.##.# ### #.....# #.##.#
##_### #.....####.##.#
.....
#.....#.....'.##♣...♣#
####.....#.#####.# .....#
...............#.# .).♣
.###....(#.###.#z####'#####
#.#.........#@z...)....#
#.#.###.##########.....#
#.#.# .# #.....# #.#.# #
###.#.# #.#
###########.#.####### #.#
..............##..... #.#
..................... #.#
##########..####.....
###.##### #.##..# #.####


You could see 2 wights.

Vanquished Creatures
  An orc warrior (D:6)
  2 ogres
  A centaur (D:6)
  2 scorpions
  A water moccasin skeleton (D:5)
  3 wights (D:6)
  A jelly (D:4)
  Crazy Yiuf (D:3)
  2 orc priests
  An iguana (D:6)
  Natasha (thrice) (D:3)
  An orc wizard (D:6)
  9 adders
  3 gnolls (D:5)
  A shadow imp (D:6)
  An ufetubus (D:6)
  An adder skeleton (D:4)
  3 worms
  2 dart slugs
  7 orcs
  8 ball pythons
  4 bats
  6 endoplasms
  4 giant cockroaches
  13 goblins
  7 hobgoblins
  5 jackals (D:1)
  2 quokkas
  2 frilled lizards (D:3)
  9 kobolds
  8 rats
114 creatures vanquished.

Vanquished Creatures (others)
  A fungus (D:3)
1 creature vanquished.

Grand Total: 115 creatures vanquished

Notes
Turn   | Place    | Note
-------+----------+-------------------------------------------
     0 | D:1      | Crownlay the Draconian Air Elementalist began the quest for
                  | the Orb.
     0 | D:1      | Reached XP level 1. HP: 14/14 MP: 3/3
   262 | D:1      | Reached XP level 2. HP: 20/20 MP: 0/5
   770 | D:1      | Reached XP level 3. HP: 26/26 MP: 2/7
   947 | D:1      | Learned a level 2 spell: Static Discharge
  1298 | D:2      | Found a faded altar of an unknown god.
  1748 | D:2      | Found Xiulaofeyda's Armour Emporium.
  2367 | D:3      | Reached XP level 4. HP: 31/33 MP: 6/9
  2367 | D:3      | Noticed Natasha
  2384 | D:3      | Killed Natasha
  2533 | D:3      | Found a broken altar of Ashenzari.
  2601 | D:3      | Found a runed translucent door.
  2602 | D:3      | Noticed Crazy Yiuf
  2935 | D:3      | Noticed Natasha
  2944 | D:3      | Killed Natasha
  2945 | D:3      | Reached XP level 5. HP: 30/38 MP: 2/11
  3147 | D:3      | Noticed Natasha
  3152 | D:3      | Killed Natasha
  3247 | D:3      | Noticed an ogre
  3267 | D:3      | Killed an ogre
  3268 | D:3      | Reached XP level 6. HP: 40/45 MP: 0/13
  3276 | D:3      | Reached skill level 5 in Spellcasting
  3447 | D:4      | Learned a level 4 spell: Airstrike
  3451 | D:4      | Learned a level 3 spell: Swiftness
  3778 | D:3      | Killed Crazy Yiuf
  4375 | D:4      | Identified the -3 buckler of Courage {rPois}
  4650 | D:4      | Found a basalt altar of Yredelemnul.
  5024 | D:5      | Entered Level 5 of the Dungeon
  5169 | D:5      | Your scales start taking on a fiery red colour.
  5169 | D:5      | Reached XP level 7. HP: 34/50 MP: 10/15
  5169 | D:5      | Gained mutation: Your flesh is heat resistant. (rF+) [Red
                  | Draconian growth]
  5410 | D:5      | Reached skill level 5 in Air Magic
  5941 | D:6      | Found an iron altar of Okawaru.
  6005 | D:6      | Found a staircase to the Ecumenical Temple.
  6013 | Temple   | Entered the Ecumenical Temple
  6716 | D:6      | Found a glowing golden altar of the Shining One.
  6721 | D:6      | Reached XP level 8. HP: 53/57 MP: 11/17
  6736 | D:6      | HP: 1/57 [wight (5)]
  6737 | D:6      | Killed from afar by themself

Illustrated notes

Levels and vault maps discovered:
D:1:      lemuel_arrival_river_ford, layout_rooms, minmay_small_reverse_x
D:2:      layout_loops_cross, dreamdust_ecumenical_altar_statues, serial_shops,
          shop
D:3:      layout_basic, ashenzari_altar_1, minmay_ogre_servants, uniq_natasha,
          uniq_crazy_yiuf_cottage
D:4:      layout_loops_corners, kennysheep_mini_moat
D:5:      layout_cave_pools, amethyst_killhole
D:6:      layout_basic, nicolae_overflow_crystal_walls, kennysheep_little_box,
          tso_altar, minmay_temple_entry_glassed_door
Temple:   chequers_temple_sunken

Skill      XL: |  1  2  3  4  5  6  7 |
---------------+----------------------+-----
Spellcasting   | 3 4 5 6 |  6.1
Air Magic      | 4 6 |  6.4
Shields        | 2 4 |  4.0
Dodging        | |  1.7
Stealth        | |  1.7
Conjurations   | |  1.0

Action                   |  1- 3 |  4- 6 |  7- 9 || total
-------------------------+-------+-------+-------++-------
Melee: Short sword       |    56 |    32 |       ||    88
       Unarmed           |     1 |       |       ||     1
       Tailslap          |     3 |     1 |       ||     4
       Hand axe          |       |     2 |    10 ||    12
 Cast: Shock             |    72 |    69 |    33 ||   174
       Static Discharge  |     4 |    24 |    10 ||    38
       Airstrike         |       |     4 |     9 ||    13
       Swiftness         |       |     1 |       ||     1
 Abil: Breathe Fire      |       |       |     2 ||     2
  Use: Scroll            |       |       |     2 ||     2
Armor: Skin              |    23 |    26 |    10 ||    59
Dodge: Dodged            |    44 |    51 |    24 ||   119
Block: Buckler           |       |       |     1 ||     1
